 Dungeon Crawl Stone Soup version 0.30-a0-1075-gcd70e7a56d (webtiles) character file.

Game seed: 307522746729256125

995 NateTC the Ruffian (level 7, 0/74 HPs)
             Began as a Troll Berserker on Apr 14, 2023.
             Was a Priest of Trog.
             Slain by a two-headed ogre
             ... wielding a +0 giant spiked club
              (11 damage)
             ... on level 5 of the Dungeon.
             The game lasted 00:03:34 (2776 turns).

NateTC the Ruffian (Troll Berserker)                Turns: 2776, Time: 00:03:34

Health: 0/74       AC:  4    Str: 28    XL:     7   Next: 99%
Magic:  6/6        EV: 15    Int:  3    God:    Trog [***...]
Gold:   165        SH:  0    Dex:  9    Spells: 6/6 levels left

rFire   . . .      SeeInvis .      - Unarmed
rCold   . . .      Faith    .    (no shield)
rNeg    . . .      Spirit   .    a - +0 animal skin
rPois   .          Reflect  .    (helmet restricted)
rElec   .          Rampage  .    (no cloak)
rCorr   .                        (gloves unavailable)
Will    ++...                    (boots unavailable)
Stlth   +                        (no amulet)
HPRegen 2.12/turn                d - ring of flight
MPRegen 0.10/turn                m - +5 ring of evasion

@: strong-willed, flying, regenerating
A: large, unfitting armour, claws 3, regeneration 1, shaggy fur 1, tough skin 1
a: Renounce Religion, Berserk, Trog's Hand


You were on level 5 of the Dungeon.
You worshipped Trog.
Trog was most pleased with you.
You visited 1 branch of the dungeon, and saw 5 of its levels.

You collected 165 gold pieces.

Inventory:

Missiles
 r - a throwing net (quivered)
Armour
 a - a +0 animal skin (worn)
Jewellery
 d - a ring of flight (left claw)
 m - a +5 ring of evasion (right claw)
 s - a ring of fire
Scrolls
 b - 2 scrolls of teleportation
 k - a scroll of magic mapping {unknown}
 l - 2 scrolls of blinking {unknown}
 n - a scroll of identify
 o - a scroll of enchant weapon {unknown}
 q - a scroll of fog {unknown}
Potions
 c - a potion of mutation
 e - a potion of invisibility {unknown}
 f - a potion of heal wounds
 g - 2 potions of magic
 h - 2 potions of curing
 i - a potion of degeneration {unknown}
 j - a potion of haste {unknown}
 p - a potion of cancellation {unknown}
 t - a potion of ambrosia {unknown}


   Skills:
 * Level 5.9 Fighting
 - Level 2.4 Dodging
 * Level 7.2 Unarmed Combat


You had 6 spell levels left.
You didn't know any spells.
Your spell library was empty.

Dungeon Overview and Level Annotations

Branches:
Dungeon (4/15) Zot: 26331
 Temple: D:4-7

Altars:
Wu Jian

Shops:
D:3 (

Annotations:
D:3 3 runed translucent doors, Adrian566's ghost, amateur OpBr; Crazy Yiuf


Innate Abilities, Weirdness & Mutations

You are too large for most types of armour.
You have claws for hands.
Your natural rate of healing is unusually fast.
You are covered in fur. (AC +1)
You have tough skin. (AC +1)


Message History

The hound bites you but does no damage.
The ufetubus hits you but does no damage.
The ufetubus hits you. The killer bee misses you.
You closely miss the killer bee.
The killer bee is severely wounded.
The hound bites you.
The ufetubus hits you but does no damage.
The ufetubus hits you. The killer bee closely misses you.
The hound bites you but does no damage. The ufetubus misses you.
The ufetubus barely misses you. The killer bee stings you.
You barely miss the killer bee.
The killer bee is severely wounded.
The killer bee closely misses you. The hound misses you.
The ufetubus hits you but does no damage.
The ufetubus hits you.
You scratch the killer bee but do no damage.
The killer bee is severely wounded.
The killer bee barely misses you. The hound completely misses you.
The killer bee misses you.
You closely miss the killer bee.
The killer bee is severely wounded.
The killer bee closely misses you. The hound misses you.
The killer bee stings you but does no damage.
The hound bites you.
You claw the killer bee!
You kill the killer bee!
Trog accepts your kill. The hound bites you.
The two-headed ogre hits you with a +0 giant spiked club!!
The two-headed ogre hits you with a +0 giant club!!
* * * LOW HITPOINT WARNING * * *
The ufetubus barely misses you. The ufetubus closely misses you.
You are too injured to fight recklessly!
Unknown command.
Your skin crawls.
You feel strong-willed. The hound misses you.
The ufetubus barely misses you. x2; The hound bites you.
* * * LOW HITPOINT WARNING * * *
The two-headed ogre hits you with a +0 giant spiked club!
You die...

#'### #....#+#....# #.#### #....
#.# ##..## ##.### #....###.#.#
#.### #..# #..# ####....>#.#
....# #.#######.### #######.#
....# ##.#..).)#...########## #.#
....# #(.'.....#............###..
....# #.#########.............#.#
.)..# #.#(.....5#.............###
.)..# #.#}....oO@.(...........'.#
....###.#(.....h#.............#.#
........#########...........#.#..
....###..+ #..###########.###
....# ##)# #.## #.# ....#
#.#######.# #.# #'### #..#...#..#
#.# #.# #..##†##.## #.# #.#
#...#'#..#


You could see a two-headed ogre, a hound, an orc and an ufetubus.

Vanquished Creatures
  An ice beast (D:5)
  2 black bears
  2 ogres (D:5)
  A phantom (D:5)
  A scorpion (D:5)
  A killer bee (D:5)
  A jelly (D:5)
  2 hounds (D:5)
  3 iguanas (D:5)
  8 adders
  7 gnolls
  A worm (D:3)
  3 dart slugs (D:1)
  3 orcs (D:5)
  5 endoplasms
  6 giant cockroaches
  2 goblins
  3 hobgoblins
  7 quokkas
  7 ball pythons
  7 bats
  2 frilled lizards
  A kobold (D:2)
  8 rats
84 creatures vanquished.

Notes
Turn   | Place    | Note
-------+----------+-------------------------------------------
     0 | D:1      | NateTC the Troll Berserker began the quest for the Orb.
     0 | D:1      | Reached XP level 1. HP: 22/22 MP: 0/0
    98 | D:1      | Reached XP level 2. HP: 29/29 MP: 1/1
   341 | D:1      | Reached ** piety under Trog
   497 | D:1      | Reached XP level 3. HP: 35/37 MP: 2/2
   701 | D:2      | Reached skill level 4 in Unarmed Combat
   845 | D:2      | Reached XP level 4. HP: 42/45 MP: 3/3
   873 | D:2      | Noticed a black bear
  1079 | D:2      | Killed a black bear
  1080 | D:2      | Reached XP level 5. HP: 37/54 MP: 4/4
  1406 | D:3      | Found a large runed translucent door.
  1407 | D:3      | Found a large runed translucent door.
  1407 | D:3      | Noticed Adrian566's ghost (amateur OpBr)
  1573 | D:3      | Found a runed translucent door.
  1574 | D:3      | Noticed Crazy Yiuf
  1595 | D:3      | Reached skill level 5 in Unarmed Combat
  1657 | D:3      | Found Eshinwia's Antique Weapon Shoppe.
  2099 | D:4      | Noticed an ogre
  2100 | D:4      | You are sucked into a shaft and drop 1 floor!
  2100 | D:5      | Entered Level 5 of the Dungeon
  2107 | D:5      | Reached XP level 6. HP: 63/63 MP: 5/5
  2112 | D:5      | Reached *** piety under Trog
  2253 | D:5      | Reached skill level 6 in Unarmed Combat
  2258 | D:5      | Reached skill level 5 in Fighting
  2258 | D:5      | Reached XP level 7. HP: 69/72 MP: 6/6
  2630 | D:5      | Found an ornate altar of the Wu Jian Council.
  2738 | D:5      | Reached skill level 7 in Unarmed Combat
  2766 | D:5      | Noticed a two-headed ogre
  2776 | D:5      | Slain by a two-headed ogre

Illustrated notes

Levels and vault maps discovered:
D:1:      roderic_crossed_star, layout_basic, chequers_hall_statues_corner_a,
          hangedman_feature_mirror
D:2:      layout_basic
D:3:      layout_loops_ring, ebering_ghost_disaster_area, serial_shops,
          shop_statue, hex_medium, uniq_crazy_yiuf_cottage
D:4:      layout_cave_pools, minmay_quadrilaterals, uniq_sigmund
D:5:      layout_basic, nicolae_wu_jian_immortal_techniques,
          minmay_divided_ellipse

Skill      XL: |  1  2  3  4  5  6  7 |
---------------+----------------------+-----
Fighting       | 3 4 5 |  5.9
Unarmed Combat | 4 5 6 7 |  7.2
Dodging        | |  2.4

Action                     |  1- 3 |  4- 6 |  7- 9 || total
---------------------------+-------+-------+-------++-------
  Melee: Unarmed           |    83 |    85 |    42 ||   210
         Punch             |       |     3 |       ||     3
 Invoke: Trog's Hand       |       |       |     2 ||     2
    Use: Scroll            |     3 |     5 |       ||     8
   Stab: Sleeping          |     1 |     2 |       ||     3
 Armour: Animal skin       |    26 |    24 |    12 ||    62
  Dodge: Dodged            |    46 |    47 |    46 ||   139

Table legend: (Time is in decaauts)
 A = Elapsed time spent in this place.
 B = Non-inter-level travel time spent in this place.
 C = Inter-level travel time spent in this place.
 D = Time resting spent in this place.
 E = Time spent auto-exploring this place.
 F = Levels seen in this place.
 G = Mean time per level.
                   A        B        C        D        E       F      G
               +--------+--------+--------+--------+--------+-----+--------+
         Total |   2754 |   2700 |     54 |    120 |   2009 |   5 |  550.8 |
       Dungeon |   2754 |   2700 |     54 |    120 |   2009 |   5 |  550.8 |
               +--------+--------+--------+--------+--------+-----+--------+

Top non-repeatable levels by time:
     D:2: 776 daAuts
     D:3: 722 daAuts
     D:5: 667 daAuts
     D:1: 587 daAuts
     D:4: 1 daAuts
